 Dungeon Crawl Stone Soup version 0.31-a0-229-g1fc7ce93e2 (webtiles) character file.

Game seed: 14021223846539773231

10937 qw the Skirmisher (level 11, -6/72 HPs)
             Began as a Gargoyle Hexslinger on July 6, 2023.
             Was a Priest of Okawaru.
             Mangled by a steam dragon (7 damage)
             ... on level 1 of the Lair of Beasts.
             The game lasted 00:03:43 (7587 turns).

qw the Skirmisher (Gargoyle Hexslinger)             Turns: 7587, Time: 00:03:43

Health: -6/72      AC: 18    Str: 13    XL:     11   Next: 69%
Magic:  13/14      EV: 18    Int: 17    God:    Okawaru [***...]
Gold:   452        SH:  0    Dex: 19    Spells: 11/12 levels left

rFire   . . .        b - +2 orcbow (heavy)
rCold   + . .        (shield currently unavailable)
rNeg    + . .        r - +1 steam dragon scales
rPois   inf          f - +1 helmet
rElec   +            g - scarf {repulsion}
rCorr   .            (no gloves)
SInv    .            a - -1 pair of boots of the Stone Wall {Drain Regen+ Int+4 Dex+3}
Will    .....        (no amulet)
Stlth   +++          n - ring of protection from cold
HPRegen 1.12/turn    (no ring)
MPRegen 0.14/turn

%: repel missiles
@: heroic
A: sickness immunity, AC +8, negative energy resistance 1, electricity
resistance, torment resistance 1, petrification resistance
a: Renounce Religion, Heroism


You were on level 1 of the Lair of Beasts.
You worshipped Okawaru.
Okawaru was most pleased with you.
You visited 3 branches of the dungeon, and saw 11 of its levels.
You also visited: Sewer.

You collected 452 gold pieces.


Innate Abilities, Weirdness & Mutations

You are immune to sickness and miasma.
Your stone body is resilient. (AC +8)
You are immune to poison.
You resist negative energy. (rN+)
You are resistant to electric shocks. (rElec)
You are resistant to unholy torment.
You are immune to petrification.


   Skills:
 - Level 9.9(14.9) Fighting
 - Level 14.0(19.0) Ranged Weapons
 - Level 4.0(9.0) Armour
 + Level 4.3(9.3) Dodging
 - Level 1.0 Spellcasting
 - Level 2.6 Hexes
 - Level 4.0 Invocations


You had 11 spell levels left.
You knew the following spells:

 Your Spells              Type           Power      Damage    Failure   Level
a - Slow                  Hex            36%        N/A       7%          1

Your spell library contained the following spells:

 Spells                   Type           Power      Damage    Failure   Level
 Inner Flame              Hex/Fire       5%         N/A       36%         3
 Portal Projectile        Hex/Tloc       10%        N/A       36%         3
 Cause Fear               Hex            4%         N/A       56%         4

Inventory:

Hand Weapons
 b - a +2 heavy orcbow (weapon)
Armour
 a - the -1 pair of boots of the Stone Wall (worn) {Drain Regen+ Int+4 Dex+3}
   (You found it on level 2 of the Dungeon)

   Int:       It affects your intelligence (+4).
   Dex:       It affects your dexterity (+3).
   Regen:     It increases your rate of health regeneration.
   Drain:     It drains your maximum health when unequipped.
 c - a +0 cloak
 f - a +1 helmet (worn)
 g - a scarf of repulsion (worn)
 r - +1 steam dragon scales (worn)
Jewellery
 n - a ring of protection from cold (left hand)
Wands
 l - a wand of digging (6)
Scrolls
 e - 3 scrolls of identify
Potions
 d - 2 potions of resistance
 i - a potion of haste
 j - a potion of curing
 k - a potion of cancellation
 m - a potion of mutation
 o - a potion of enlightenment

Dungeon Overview and Level Annotations

Branches:
Dungeon (8/15)             Temple (1/1) D:6            Lair (2/5) D:8
  Sewer (visited)
  Swamp: Lair:2-3    Shoals: Lair:2-3     Snake: Lair:2-3    Spider: Lair:2-3

Altars:
Cheibriados
Dithmenos
Elyvilon
Fedhas
Gozag
Hepliaklqana
Kikubaaqudgha
Makhleb
Nemelex Xobeh
Okawaru
Qazlal
Ru
Trog
Uskayaw
Vehumet
Wu Jian
Xom
Yredelemnul
Zin
The Shining One

Shops:
D:2 (

Portals:
Bailey: D:7


Message History

A yak comes into view.
7582 ||| STAIRDANCE The cane toad barely misses you.
The yak barely misses you. The yak gores you! The yak barely misses you.
The yak closely misses you. The yak gores you but does no damage.
The steam dragon closely misses you. The steam dragon misses you.
You climb upwards.
There is a stone staircase leading down here.
Enter note:
Enter note:
Enter note:
Enter note:
Enter note:
Enter note: You shoot an arrow.
The arrow hits the yak!!
The yak is severely wounded.
The cane toad stings you! The yak gores you but does no damage.
The yak closely misses you. The yak barely misses you.
The steam dragon misses you. The steam dragon closely misses you.
The yak misses you.
You shoot an arrow. The arrow hits the yak!!
You kill the yak!
Okawaru accepts your kill. The cane toad barely misses you.
The yak closely misses you. The yak misses you.
The steam dragon completely misses you.
The steam dragon claws you but does no damage.
The yak completely misses you. The yak closely misses you.
The cane toad stings you but does no damage.
You shoot an arrow. The arrow hits the steam dragon.
The steam dragon is lightly wounded.
The cane toad barely misses you. The yak gores you but does no damage.
The yak closely misses you. The yak barely misses you.
The steam dragon bites you but does no damage.
The steam dragon claws you but does no damage.
The yak misses you.
You shoot an arrow. The arrow hits the steam dragon!!
The steam dragon is almost dead.
The cane toad closely misses you. The yak misses you. The yak gores you. x2
The steam dragon bites you!
You die...

.............................#
.............###..#####......#
.............###### ##.....#
..#+#.##......# #.....#
.#......#....## ### #.....#
.............## ####.###.....#
.#......#.....###.#..........##
.#......#.#####FY.#...........#
.+......#.# #..@D...........##
........#.# ##YYY...).###.#.#
........#.# ##..##..### ###.#
..##.#..'.# #...##..# #.##
..#...###.####.......# ##..#
..+.8...#...#...##...# #..##
..#.....####....#....# ##.#
..###....#.....#..#..# #.#
....##........##..#..# #.#


You could see 4 yaks, a cane toad and a steam dragon.

Vanquished Creatures
  2 death yaks (Lair:1)
  3 elephants (Lair:1)
  Maggie (Lair:1)
  A torpor snail (Lair:1)
  A cane toad (Lair:1)
  2 komodo dragons (Lair:1)
  A polar bear (Lair:1)
  Prince Ribbit (D:6)
  10 yaks
  2 wyverns (D:8)
  2 steam dragons
  A basilisk (D:8)
  Duvessa (D:5)
  7 water moccasins
  An orc warrior (D:7)
  6 black bears
  3 ice beasts (D:6)
  3 ogres
  6 wolves
  2 phantoms
  A kobold brigand (D:8)
  2 centaurs (D:8)
  Blork the orc (D:6)
  6 bullfrogs
  A gnoll sergeant (D:8)
  2 scorpions
  4 wights (D:8)
  Dowan (D:5)
  3 howler monkeys (D:8)
  3 jellies
  An orc priest (D:7)
  6 hounds
  5 iguanas
  3 sleepcaps
  6 orc wizards
  5 river rats
  4 gnolls (D:8)
  12 adders
  2 ufetubi
  4 worms
  3 dart slugs
  13 orcs
  5 bats
  5 endoplasms
  5 giant cockroaches
  12 goblins
  8 hobgoblins
  8 jackals
  A quokka (D:4)
  13 ball pythons
  2 frilled lizards
  21 kobolds
  24 rats
248 creatures vanquished.

Vanquished Creatures (others)
  A wyvern (D:8)
1 creature vanquished.

Grand Total: 249 creatures vanquished

Notes
Turn   | Place    | Note
-------+----------+-------------------------------------------
     0 | D:1      | qw the Gargoyle Hexslinger began the quest for the Orb.
     0 | D:1      | Reached XP level 1. HP: 12/12 MP: 2/2
     0 | D:1      | 0 ||| qw: Version: 0.3-a-46-gb1f654a
     0 | D:1      | 0 ||| qw: Game counter: 1526
     0 | D:1      | 0 ||| qw: Melee chars always use a shield: true
     0 | D:1      | 0 ||| qw: God list: Okawaru
     0 | D:1      | 0 ||| qw: Allow faded altars: false
     0 | D:1      | 0 ||| qw: Do Orc after clearing Dungeon:15 true
     0 | D:1      | 0 ||| qw: Do second Lair branch before Depths: true
     0 | D:1      | 0 ||| qw: Lair rune preference: random
     0 | D:1      | 0 ||| qw: Goals: Normal
     0 | D:1      | 0 ||| PLANNING D:1-11
   187 | D:1      | Reached XP level 2. HP: 16/16 MP: 3/3
   607 | D:1      | Reached skill level 3 in Ranged Weapons
   676 | D:1      | Found a faded altar of an unknown god.
   820 | D:1      | Reached XP level 3. HP: 21/21 MP: 4/4
   966 | D:1      | 966 ||| UPGRADING to scarf of repulsion.
   971 | D:1      | 971 ||| UPGRADING to +0 ring mail.
   981 | D:1      | 981 ||| DROPPING +0 robe.
   982 | D:1      | 982 ||| READING 3 scrolls labelled VOCSAIRROU.
   983 | D:1      | 983 ||| READING 2 scrolls of enchant weapon.
   983 | D:1      | 983 ||| ENCHANTING +2 sling.
   984 | D:1      | 984 ||| READING scroll of enchant weapon.
   984 | D:1      | 984 ||| ENCHANTING +3 sling.
   985 | D:1      | 985 ||| READING 7 scrolls labelled USOHOD TISIE.
   986 | D:1      | 986 ||| READING scroll labelled NEIPEE HISMU.
   991 | D:1      | 991 ||| DROPPING scroll of poison.
  1007 | D:2      | Found Lalam's Antique Weapon Emporium.
  1076 | D:2      | Identified the -1 pair of boots of the Stone Wall {Drain
                  | Regen+ Int+4 Dex+3}
  1296 | D:2      | Reached XP level 4. HP: 26/26 MP: 5/5
  1304 | D:2      | Reached skill level 4 in Ranged Weapons
  1381 | D:2      | Reached skill level 1 in Armour
  1401 | D:2      | 1401 ||| UPGRADING to -1 pair of boots of the Stone Wall
                  | {Drain Regen+ Int+4 Dex+3}.
  1406 | D:2      | 1406 ||| READING scroll labelled YRAWNUPTAH.
  1407 | D:2      | 1407 ||| READING scroll labelled CUNEDADGHULILL.
  1408 | D:2      | 1408 ||| DRINKING 2 clear potions.
  1409 | D:2      | 1409 ||| DROPPING potion of attraction.
  1440 | D:3      | 1440 ||| PLANNING SEWER
  1526 | D:3      | Found a glowing drain.
  1536 | Sewer    | Entered a sewer
  1609 | Sewer    | Reached XP level 5. HP: 29/30 MP: 6/6
  1639 | Sewer    | Reached skill level 5 in Ranged Weapons
  1994 | Sewer    | 1994 ||| DRINKING 2 lumpy pink potions.
  1995 | Sewer    | 1995 ||| READING 8 scrolls of identify.
  1995 | Sewer    | 1995 ||| IDENTIFYING sedimented ruby potion
  1996 | Sewer    | 1996 ||| READING 7 scrolls of identify.
  1996 | Sewer    | 1996 ||| IDENTIFYING ruby potion
  1997 | Sewer    | 1997 ||| READING 6 scrolls of identify.
  1997 | Sewer    | 1997 ||| IDENTIFYING fizzy golden potion
  1998 | Sewer    | 1998 ||| READING 5 scrolls of identify.
  1998 | Sewer    | 1998 ||| IDENTIFYING lumpy blue potion
  1999 | Sewer    | 1999 ||| READING 4 scrolls of identify.
  1999 | Sewer    | 1999 ||| IDENTIFYING sedimented blue potion
  2000 | Sewer    | 2000 ||| READING 3 scrolls of identify.
  2000 | Sewer    | 2000 ||| IDENTIFYING gluggy blue potion
  2001 | Sewer    | 2001 ||| DROPPING potion of magic.
  2002 | Sewer    | 2002 ||| DROPPING potion of brilliance.
  2003 | Sewer    | 2003 ||| DROPPING potion of invisibility.
  2029 | D:3      | 2029 ||| PLANNING D:1-11
  2032 | D:3      | 2032 ||| READING scroll of enchant weapon.
  2032 | D:3      | 2032 ||| ENCHANTING +4 sling.
  2044 | D:3      | Reached skill level 3 in Fighting
  2091 | D:3      | Reached XP level 6. HP: 33/37 MP: 7/7
  2709 | D:3      | 2709 ||| READING scroll labelled SOTHRO KAUTHRUQA.
  2731 | D:4      | 2731 ||| STAIRDANCE
  2734 | D:3      | Reached skill level 6 in Ranged Weapons
  2937 | D:4      | Reached XP level 7. HP: 42/43 MP: 8/8
  3255 | D:4      | 3255 ||| UPGRADING to +0 helmet.
  3260 | D:4      | 3260 ||| READING scroll of enchant armour.
  3260 | D:4      | 3260 ||| ENCHANTING +0 helmet.
  3261 | D:4      | 3261 ||| DRINKING 2 emerald potions.
  3262 | D:4      | 3262 ||| READING 3 scrolls of identify.
  3262 | D:4      | 3262 ||| IDENTIFYING orange potion
  3263 | D:4      | 3263 ||| DROPPING potion of ambrosia.
  3303 | D:5      | Entered Level 5 of the Dungeon
  3362 | D:5      | Noticed Duvessa
  3382 | D:5      | Killed Duvessa
  3382 | D:5      | Noticed Dowan
  3383 | D:5      | Reached skill level 7 in Ranged Weapons
  3383 | D:5      | 3383 ||| FLEEEEING.
  3384 | D:5      | 3384 ||| FLEEEEING.
  3392 | D:5      | Killed Dowan
  3603 | D:5      | Reached skill level 8 in Ranged Weapons
  3603 | D:5      | Reached XP level 8. HP: 48/48 MP: 9/9
  3864 | D:5      | 3864 ||| UPGRADING to ring of protection from cold.
  3865 | D:5      | 3865 ||| READING scroll labelled CONYAF YSOA.
  3866 | D:5      | 3866 ||| DRINKING 2 sapphire potions.
  3970 | D:5      | 3970 ||| READING 2 scrolls of identify.
  3970 | D:5      | 3970 ||| IDENTIFYING smoky clear potion
  3971 | D:5      | 3971 ||| DROPPING potion of degeneration.
  3972 | D:5      | 3972 ||| DROPPING potion of berserk rage.
  4068 | D:6      | Noticed Blork the orc
  4082 | D:6      | Killed Blork the orc
  4187 | D:6      | Reached skill level 9 in Ranged Weapons
  4246 | D:6      | Reached skill level 6 in Fighting
  4246 | D:6      | Reached XP level 9. HP: 55/55 MP: 10/10
  4293 | D:6      | Reached skill level 10 in Ranged Weapons
  4421 | D:6      | Noticed Prince Ribbit
  4430 | D:6      | Killed Prince Ribbit
  4448 | D:6      | Reached skill level 3 in Dodging
  4616 | D:6      | Found a staircase to the Ecumenical Temple.
  4617 | D:6      | 4617 ||| PLANNING TEMPLE
  4617 | D:6      | 4617 ||| READING scroll labelled YPROESEGOMP.
  4627 | D:6      | 4627 ||| READING scroll labelled ZEKYOTZOTHO.
  4628 | D:6      | 4628 ||| READING scroll labelled ZARICW PIWUPU.
  4634 | Temple   | Entered the Ecumenical Temple
  4805 | Temple   | 4805 ||| PLANNING OKAWARU WORSHIP
  5071 | Temple   | Became a worshipper of Warmaster Okawaru
  5072 | Temple   | 5072 ||| PLANNING D:1-11
  5175 | D:7      | 5175 ||| Stepping ~*~*~tactically~*~*~ (outnumbered).
  5185 | D:7      | 5185 ||| READING scroll of enchant weapon.
  5185 | D:7      | 5185 ||| ENCHANTING +5 sling.
  5293 | D:7      | Found a flagged portal.
  5443 | D:7      | 5443 ||| SWAPPING to +0 orcbow.
  5444 | D:7      | 5444 ||| DROPPING +6 sling.
  5652 | D:7      | 5652 ||| READING scroll labelled JOGHYL YJUMY.
  5653 | D:7      | 5653 ||| READING scroll labelled WURAXO YLES.
  5654 | D:7      | 5654 ||| READING 3 scrolls of identify.
  5654 | D:7      | 5654 ||| IDENTIFYING metallic ruby potion
  5877 | D:8      | HP: 11/57 [wight/+4 dire flail (5)]
  5878 | D:8      | 5878 ||| DRINKING potion of heal wounds.
  5881 | D:8      | Reached * piety under Okawaru
  5882 | D:8      | 5882 ||| INVOKING Heroism.
  5887 | D:8      | HP: 8/57 [wight/+4 dire flail (12)]
  5892 | D:8      | Reached skill level 11 in Ranged Weapons
  5892 | D:8      | Reached XP level 10. HP: 13/63 MP: 8/11
  5893 | D:8      | HP: 13/63 [wight/+4 dire flail (1)]
  5941 | D:8      | Found a staircase to the Lair.
  5948 | D:8      | Reached skill level 1 in Invocations
  5948 | D:8      | 5948 ||| INVOKING Heroism.
  5967 | D:8      | Reached skill level 3 in Invocations
  5967 | D:8      | 5967 ||| INVOKING Heroism.
  5984 | D:8      | 5984 ||| Stepping ~*~*~tactically~*~*~ (cloud).
  6031 | D:8      | Reached ** piety under Okawaru
  6044 | D:8      | 6044 ||| SWAPPING to +2 heavy orcbow.
  6045 | D:8      | 6045 ||| DROPPING +0 orcbow of freezing.
  6089 | D:8      | 6089 ||| Stepping ~*~*~tactically~*~*~ (outnumbered).
  6101 | D:8      | 6101 ||| Stepping ~*~*~tactically~*~*~ (outnumbered).
  6337 | D:8      | 6337 ||| INVOKING Heroism.
  6566 | D:8      | 6566 ||| PLANNING LAIR
  6566 | D:8      | 6566 ||| READING 2 scrolls of identify.
  6566 | D:8      | 6566 ||| IDENTIFYING fizzy red potion
  6589 | Lair:1   | Entered Level 1 of the Lair of Beasts
  6593 | Lair:1   | 6593 ||| STAIRDANCE
  6597 | D:8      | 6597 ||| INVOKING Heroism.
  6641 | Lair:1   | 6641 ||| INVOKING Heroism.
  6648 | Lair:1   | Reached skill level 12 in Ranged Weapons
  6674 | Lair:1   | Identified the +0 ring mail "Casuv" {rC+}
  6695 | Lair:1   | Noticed a death yak
  6696 | Lair:1   | 6696 ||| INVOKING Heroism.
  6699 | Lair:1   | Noticed a torpor snail
  6701 | Lair:1   | Killed a death yak
  6701 | Lair:1   | Noticed a death yak
  6704 | Lair:1   | Killed a torpor snail
  6711 | Lair:1   | Killed a death yak
  6712 | Lair:1   | Reached skill level 13 in Ranged Weapons
  6712 | Lair:1   | Reached XP level 11. HP: 43/68 MP: 14/14
  6790 | Lair:1   | 6790 ||| INVOKING Heroism.
  6811 | Lair:1   | Identified the +4 hand axe of Poxkok {spect, rC++ rN+ Will-
                  | Stlth+}
  6894 | Lair:1   | Reached skill level 9 in Fighting
  6902 | Lair:1   | 6902 ||| INVOKING Heroism.
  6988 | Lair:1   | Reached *** piety under Okawaru
  7060 | Lair:1   | Noticed Maggie
  7064 | Lair:1   | Killed Maggie
  7069 | Lair:1   | 7069 ||| INVOKING Heroism.
  7144 | Lair:1   | Received a gift from Okawaru
  7145 | Lair:1   | Reached skill level 14 in Ranged Weapons
  7154 | Lair:1   | 7154 ||| INVOKING Heroism.
  7516 | Lair:1   | 7516 ||| UPGRADING to +0 ring mail "Casuv" {rC+}.
  7526 | Lair:1   | 7526 ||| DROPPING +0 ring mail.
  7527 | Lair:1   | 7527 ||| UPGRADING to +1 steam dragon scales.
  7537 | Lair:1   | 7537 ||| DROPPING +0 ring mail "Casuv" {rC+}.
  7538 | Lair:1   | 7538 ||| READING 2 scrolls labelled BILAIK HIMAM.
  7539 | Lair:1   | 7539 ||| DROPPING scroll of blinking.
  7576 | Lair:2   | 7576 ||| INVOKING Heroism.
  7582 | Lair:2   | 7582 ||| STAIRDANCE
  7584 | Lair:1   | HP: 7/72 [cane toad (16)]
  7587 | Lair:1   | HP: 1/72 [yak (6)]
  7587 | Lair:1   | Mangled by a steam dragon

Levels and vault maps discovered:
D:1:      onia_arrival_pyramid, layout_basic,
          shapermc_ecumenical_altar_mp_ritualfount, minmay_tiny_reverse_x
D:2:      layout_rooms, serial_shops, shop, minmay_shallow_snake_nest
D:3:      layout_basic, cheibrodos_sewer_entry_sluice, grunt_ministairs_15,
          patterned_corridor
D:4:      minmay_skewed_foursquare, layout_rooms
D:5:      layout_cave_pools, uniq_duvessa
D:6:      layout_basic, minmay_temple_entry_enclosed_plants,
          uniq_prince_ribbit1, uniq_blork_the_orc
D:7:      layout_cave_pools, enter_bailey_6, serial_bayou_lagoon_a
D:8:      layout_gridville, minmay_lair_entry_grove
Temple:   mainiacjoe_temple_big_plus
Lair:1:   layout_chaotic_city, lemuel_old_faithful, lemuel_fruit_tree,
          grunt_megastairs_4, serial_bayou_shore_b, uniq_maggie
Lair:2:   layout_concentric_octagons, grunt_megastairs_5

Skill      XL: |  1  2  3  4  5  6  7  8  9 10 11 |
---------------+----------------------------------+-----
Ranged Weapons | 3 4 5 6 8 9 11 13 14 | 14.0
Fighting       | 2 3 4 6 7 8 9 |  9.9
Armour         | 1 2 4 |  4.0
Dodging        | 2 3 4 |  4.3
Invocations    | 4 |  4.0
Spellcasting   | |  1.0
Hexes          | |  2.6

Action                     |  1- 3 |  4- 6 |  7- 9 | 10-12 || total
---------------------------+-------+-------+-------+-------++-------
   Fire: Sling             |    89 |   241 |   322 |       ||   652
         Orcbow            |       |       |    50 |   201 ||   251
 Invoke: Heroism           |       |       |     1 |    11 ||    12
    Use: Scroll            |     5 |    10 |    11 |     2 ||    28
         Potion            |       |     2 |     3 |       ||     5
 Armour: Robe              |     2 |       |       |       ||     2
         Ring mail         |     5 |   110 |    86 |    95 ||   296
         Steam dragon scal |       |       |       |    11 ||    11
  Dodge: Dodged            |    10 |   161 |    99 |   222 ||   492
         Repelled          |       |     1 |     1 |     1 ||     3

Table legend:
 A = Non-vault XP
 B = Vault XP
 C = Vault XP percentage of total XP
 D = Non-vault monster count
 E = Vault monster count
 F = Vault count percentage of total count
                 A         B        C        D         E       F
            +---------+---------+-------+---------+---------+-------
      Total |   12276 |    3349 |  21.4 |     174 |      75 |  30.1
            +---------+---------+-------+---------+---------+-------
        D:1 |      34 |       3 |   8.1 |      19 |       2 |   9.5
        D:2 |      63 |      17 |  21.2 |      20 |       3 |  13.0
        D:3 |     221 |      25 |  10.2 |      25 |       7 |  21.9
        D:4 |      91 |     134 |  59.6 |      18 |       6 |  25.0
        D:5 |     593 |     214 |  26.5 |      11 |       2 |  15.4
        D:6 |    1463 |     364 |  19.9 |      18 |       2 |  10.0
        D:7 |     564 |       0 |   0.0 |      11 |       0 |   0.0
        D:8 |    1340 |    1777 |  57.0 |      24 |      13 |  35.1
     Lair:1 |    7705 |     665 |   7.9 |      27 |       3 |  10.0
     Lair:2 |     202 |       0 |   0.0 |       1 |       0 |   0.0
      Sewer |       0 |     150 | 100.0 |       0 |      37 | 100.0
            +---------+---------+-------+---------+---------+-------
